| TOP OF THE 1ST |
|
Colorado Rockies batting - Pitching for San Francisco Giants : LHP Chong-yeol Wong
|
|
Pitching: LHP Chong-yeol Wong
|
|
|
Batting: SHB Jon Munoz
|
0-0: Ball 1-0: SINGLE (Groundball, 56D, EV 96.9 MPH)
|
|
Batting: RHB Henry Alvizo
|
0-0: SINGLE (Line Drive, 7LS, EV 110.6 MPH) Jon Munoz to second Runner from 2nd tries for 3rd, SAFE, no throw by LF
|
|
Batting: LHB Shawn Morrison
|
0-0: Called Strike 0-1: Ball 1-1: Ball 2-1: Foul Ball, location: 2F 2-2: Strikes out swinging
|
|
Batting: RHB Jason Andrews
|
0-0: Ball 1-0: Ball Wild Pitch! Jon Munoz scores Henry Alvizo to second 2-0: Foul Ball, location: 2F 2-1: SINGLE (Line Drive, 4MD, EV 94.4 MPH) Henry Alvizo to third
|
|
Batting: SHB Eddie Quinones
|
0-0: Ball 1-0: Called Strike 1-1: Ball 2-1: Swinging Strike 2-2: Foul Ball, location: 2F 2-2: Ball 3-2: Foul Ball, location: 2F 3-2: Base on Balls Jason Andrews to second
|
|
Batting: RHB Joel Haycock
|
0-0: Foul Ball, location: 2F 0-1: Swinging Strike 0-2: Ball 1-2: Ball 2-2: Fly out, F8 (Flyball, 8LXD, EV 110.0 MPH) Runner from 3rd tags up, SCORES, no throw by CF Jason Andrews to third
|
|
Batting: SHB Andy Vivas
|
0-0: Foul Ball, location: 2F 0-1: Ball 1-1: Swinging Strike 1-2: Ball 2-2: Strikes out swinging
|
| Top of the 1st over - 2 runs, 3 hits, 0 errors, 2 left on base; Colorado 2 - San Francisco 0 |
| BOTTOM OF THE 1ST |
|
San Francisco Giants batting - Pitching for Colorado Rockies : RHP Sean Parks
|
|
Pitching: RHP Sean Parks
|
|
|
Batting: RHB Nick Rigden
|
0-0: Ball 1-0: Fly out, F8 (Flyball, 89S, EV 75.6 MPH)
|
|
Batting: SHB Ryan Doss
|
0-0: Ball 1-0: Foul Ball, location: 2F 1-1: Swinging Strike 1-2: Strikes out swinging
|
|
Batting: RHB Sean Zielinski
|
0-0: Ball 1-0: Ball 2-0: Called Strike 2-1: Ball 3-1: Base on Balls
|
|
Batting: LHB Jack Henningar
|
0-0: Ball 1-0: Swinging Strike 1-1: Foul Ball, location: 2F 1-2: Ball 2-2: Strikes out swinging
|
| Bottom of the 1st over - 0 runs, 0 hits, 0 errors, 1 left on base; Colorado 2 - San Francisco 0 |
| TOP OF THE 2ND |
|
Colorado Rockies batting - Pitching for San Francisco Giants : LHP Chong-yeol Wong
|
|
Batting: SHB Billy Encinias
|
0-0: Ball 1-0: Ball 2-0: Ball 3-0: Base on Balls
|
|
Batting: RHB Sterling Acosta
|
0-0: Foul Ball, location: 2F 0-1: Swinging Strike 0-2: Ball 1-2: Foul Ball, location: 2F 1-2: Ball 2-2: Fly out, F8 (Line Drive, 8RXD, EV 90.6 MPH)
|
|
Batting: SHB Jon Munoz
|
0-0: Ball 1-0: Ball 2-0: Foul Ball, location: 2F 2-1: Foul Ball, location: 2F 2-2: Ball 3-2: Base on Balls Billy Encinias to second
|
|
Batting: RHB Henry Alvizo
|
0-0: Ball 1-0: Called Strike 1-1: SINGLE (Groundball, 6MS, EV 75.6 MPH) (infield hit) Billy Encinias to third Jon Munoz to second
|
|
Batting: LHB Shawn Morrison
|
0-0: Called Strike 0-1: Ball 1-1: Foul Ball, location: 2F 1-2: Strikes out swinging
|
|
Batting: RHB Jason Andrews
|
0-0: Ball 1-0: Ball 2-0: Foul Ball, location: 2F 2-1: Ground out 6-3 (Groundball, 6MD, EV 100.0 MPH)
|
| Top of the 2nd over - 0 runs, 1 hit, 0 errors, 3 left on base; Colorado 2 - San Francisco 0 |
| BOTTOM OF THE 2ND |
|
San Francisco Giants batting - Pitching for Colorado Rockies : RHP Sean Parks
|
|
Batting: LHB Carey Horncole
|
0-0: Called Strike 0-1: Ball 1-1: Ball 2-1: Swinging Strike 2-2: Ground out 4-3 (Groundball, 4, EV 88.8 MPH)
|
|
Batting: SHB Bill Dooms
|
0-0: Ground out 6-3 (Groundball, 6M, EV 104.4 MPH)
|
|
Batting: RHB Nate Hodson
|
0-0: Called Strike 0-1: Ground out U3 (Groundball, 3S, EV 78.8 MPH)
|
| Bottom of the 2nd over - 0 runs, 0 hits, 0 errors, 0 left on base; Colorado 2 - San Francisco 0 |
| TOP OF THE 3RD |
|
Colorado Rockies batting - Pitching for San Francisco Giants : LHP Chong-yeol Wong
|
|
Batting: SHB Eddie Quinones
|
0-0: Ball 1-0: Ball 2-0: Called Strike 2-1: Called Strike 2-2: SINGLE (Groundball, 56D, EV 103.8 MPH)
|
|
Batting: RHB Joel Haycock
|
0-0: Grounds into double play, 5-4-3 (Groundball, 5, EV 79.4 MPH)
|
|
Batting: SHB Andy Vivas
|
0-0: Foul Ball, location: 2F 0-1: Ball 1-1: Foul Ball, location: 2F 1-2: Foul Ball, location: 2F 1-2: Foul Ball, location: 2F 1-2: Strikes out looking
|
| Top of the 3rd over - 0 runs, 1 hit, 0 errors, 0 left on base; Colorado 2 - San Francisco 0 |
| BOTTOM OF THE 3RD |
|
San Francisco Giants batting - Pitching for Colorado Rockies : RHP Sean Parks
|
|
Batting: LHB John Blair
|
0-0: Bunted foul 0-1: Foul Ball, location: 2F 0-2: Ball 1-2: Ground out 6-3 (Groundball, 6, EV 98.1 MPH)
|
|
Batting: RHB Bill Defazio
|
0-0: Called Strike 0-1: Ground out 4-3 (Groundball, 4, EV 86.9 MPH)
|
|
Batting: RHB Nick Rigden
|
0-0: Called Strike 0-1: Called Strike 0-2: Ball 1-2: Foul Ball, location: 2F 1-2: SOLO HOME RUN (Flyball, 78XD, EV 108.8 MPH), Distance : 432 ft
|
|
Batting: SHB Ryan Doss
|
0-0: Ball 1-0: Called Strike 1-1: Ball 2-1: Ball 3-1: Ground out 6-3 (Groundball, 6S, EV 92.5 MPH)
|
| Bottom of the 3rd over - 1 run, 1 hit, 0 errors, 0 left on base; Colorado 2 - San Francisco 1 |
| TOP OF THE 4TH |
|
Colorado Rockies batting - Pitching for San Francisco Giants : LHP Chong-yeol Wong
|
|
Batting: SHB Billy Encinias
|
0-0: Called Strike 0-1: Ball 1-1: Foul Ball, location: 2F 1-2: Strikes out swinging
|
|
Batting: RHB Sterling Acosta
|
0-0: Swinging Strike 0-1: Foul Ball, location: 2F 0-2: Strikes out looking
|
|
Batting: SHB Jon Munoz
|
0-0: Swinging Strike 0-1: Ground out 6-3 (Groundball, 6, EV 85.6 MPH)
|
| Top of the 4th over - 0 runs, 0 hits, 0 errors, 0 left on base; Colorado 2 - San Francisco 1 |
| BOTTOM OF THE 4TH |
|
San Francisco Giants batting - Pitching for Colorado Rockies : RHP Sean Parks
|
|
Batting: RHB Sean Zielinski
|
0-0: Ball 1-0: Foul Ball, location: 2F 1-1: Ball 2-1: Foul Ball, location: 2F 2-2: Foul Ball, location: 2F 2-2: Foul Ball, location: 2F 2-2: Ball 3-2: Base on Balls
|
|
Batting: LHB Jack Henningar
|
0-0: Swinging Strike 0-1: Fly out, F9 (Flyball, 89S, EV 75.0 MPH)
|
|
Batting: LHB Carey Horncole
|
0-0: Ball 1-0: SINGLE (Groundball, 4MD, EV 104.4 MPH) Sean Zielinski to second Runner from 2nd tries for 3rd, SAFE, throw by CF made at trailing runner, OUT! 8-6
|
|
Batting: SHB Bill Dooms
|
0-0: Ball 1-0: Called Strike 1-1: Called Strike 1-2: Foul Ball, location: 2F 1-2: Fly out, F7 (Flyball, 78M, EV 78.8 MPH)
|
| Bottom of the 4th over - 0 runs, 1 hit, 0 errors, 1 left on base; Colorado 2 - San Francisco 1 |
| TOP OF THE 5TH |
|
Colorado Rockies batting - Pitching for San Francisco Giants : LHP Chong-yeol Wong
|
|
Batting: RHB Henry Alvizo
|
0-0: Foul Ball, location: 2F 0-1: Ball 1-1: Foul Ball, location: 2F 1-2: Strikes out swinging
|
|
Batting: LHB Shawn Morrison
|
0-0: Called Strike 0-1: Swinging Strike 0-2: Ball 1-2: Strikes out swinging
|
|
Batting: RHB Jason Andrews
|
0-0: Ball 1-0: Ball 2-0: Swinging Strike 2-1: Ball 3-1: Foul Ball, location: 2F 3-2: Strikes out swinging
|
| Top of the 5th over - 0 runs, 0 hits, 0 errors, 0 left on base; Colorado 2 - San Francisco 1 |
| BOTTOM OF THE 5TH |
|
San Francisco Giants batting - Pitching for Colorado Rockies : RHP Sean Parks
|
|
Batting: RHB Nate Hodson
|
0-0: SINGLE (Groundball, 6, EV 99.4 MPH)
|
|
Batting: LHB John Blair
|
0-0: Called Strike 0-1: Ball 1-1: Called Strike 1-2: Foul Ball, location: 2F 1-2: Grounds into double play, 4-6-3 (Groundball, 34, EV 86.2 MPH)
|
|
Batting: RHB Bill Defazio
|
0-0: DOUBLE (Line Drive, 9LD, EV 106.9 MPH)
|
|
Batting: RHB Nick Rigden
|
0-0: Ball 1-0: Foul Ball, location: 2F 1-1: Fly out, F8 (Line Drive, 8RM, EV 108.1 MPH)
|
| Bottom of the 5th over - 0 runs, 2 hits, 0 errors, 1 left on base; Colorado 2 - San Francisco 1 |
| TOP OF THE 6TH |
|
Colorado Rockies batting - Pitching for San Francisco Giants : LHP Chong-yeol Wong
|
|
Pitching: RHP Lorenzo de Jesus
|
|
|
Batting: SHB Eddie Quinones
|
0-0: Called Strike 0-1: Ball 1-1: Fly out, F9 (Flyball, 9S, EV 96.2 MPH)
|
|
Batting: RHB Joel Haycock
|
0-0: Ball 1-0: Ball 2-0: Foul Ball, location: 2F 2-1: Foul Ball, location: 2F 2-2: Fly out, F8 (Flyball, 8LD, EV 98.8 MPH)
|
|
Batting: SHB Andy Vivas
|
0-0: Ball 1-0: Ball 2-0: Called Strike 2-1: Called Strike 2-2: Strikes out looking
|
| Top of the 6th over - 0 runs, 0 hits, 0 errors, 0 left on base; Colorado 2 - San Francisco 1 |
| BOTTOM OF THE 6TH |
|
San Francisco Giants batting - Pitching for Colorado Rockies : RHP Sean Parks
|
|
Batting: SHB Ryan Doss
|
0-0: Swinging Strike 0-1: Called Strike 0-2: Ground out 5-3 (Groundball, 5S, EV 78.1 MPH)
|
|
Batting: RHB Sean Zielinski
|
0-0: Called Strike 0-1: Ball 1-1: Swinging Strike 1-2: DOUBLE (Line Drive, 78D, EV 104.4 MPH)
|
|
Batting: LHB Jack Henningar
|
0-0: Ball 1-0: Ball 2-0: Called Strike 2-1: Ball 3-1: Foul Ball, location: 2F 3-2: Base on Balls
|
|
Batting: LHB Carey Horncole
|
0-0: Swinging Strike 0-1: Fly out, F9 (Line Drive, 89M, EV 86.9 MPH)
|
|
Batting: SHB Bill Dooms
|
0-0: Called Strike 0-1: Foul Ball, location: 2F 0-2: Ball 1-2: Ball 2-2: Ball 3-2: Base on Balls Sean Zielinski to third Jack Henningar to second
|
|
Batting: RHB Nate Hodson
|
0-0: Foul Ball, location: 2F 0-1: Ball 1-1: Swinging Strike 1-2: Ball 2-2: Strikes out swinging
|
| Bottom of the 6th over - 0 runs, 1 hit, 0 errors, 3 left on base; Colorado 2 - San Francisco 1 |
| TOP OF THE 7TH |
|
Colorado Rockies batting - Pitching for San Francisco Giants : RHP Lorenzo de Jesus
|
|
Batting: SHB Billy Encinias
|
0-0: Fly out, F9 (Line Drive, 9, EV 85.0 MPH)
|
|
Batting: RHB Sterling Acosta
|
0-0: Ball 1-0: Ball 2-0: Called Strike 2-1: Ground out 5-3 (Groundball, 56S, EV 82.5 MPH)
|
|
Batting: SHB Jon Munoz
|
0-0: Ball 1-0: Ground out 6-3 (Groundball, 4M, EV 93.8 MPH)
|
| Top of the 7th over - 0 runs, 0 hits, 0 errors, 0 left on base; Colorado 2 - San Francisco 1 |
| BOTTOM OF THE 7TH |
|
San Francisco Giants batting - Pitching for Colorado Rockies : RHP Sean Parks
|
|
Batting: LHB John Blair
|
0-0: Fly out, F8 (Flyball, 8RD, EV 99.4 MPH)
|
|
Batting: RHB Bill Defazio
|
0-0: Called Strike 0-1: Ball 1-1: Foul Ball, location: 2F 1-2: SOLO HOME RUN (Flyball, 7D, EV 96.9 MPH), Distance : 392 ft
|
|
Batting: RHB Nick Rigden
|
0-0: Ball 1-0: Ball 2-0: Foul Ball, location: 2F 2-1: Ball 3-1: Foul Ball, location: 2F 3-2: Foul Ball, location: 2F 3-2: Strikes out looking
|
|
Batting: SHB Ryan Doss
|
0-0: Swinging Strike 0-1: Ball 1-1: Ball 2-1: Called Strike 2-2: Ground out 4-3 (Groundball, 4S, EV 89.4 MPH)
|
| Bottom of the 7th over - 1 run, 1 hit, 0 errors, 0 left on base; Colorado 2 - San Francisco 2 |
| TOP OF THE 8TH |
|
Colorado Rockies batting - Pitching for San Francisco Giants : RHP Lorenzo de Jesus
|
|
Pitching: RHP Filip Nebylitsin
|
|
|
Batting: RHB Henry Alvizo
|
0-0: Swinging Strike 0-1: Foul Ball, location: 2F 0-2: Ball 1-2: Fly out, F8 (Flyball, 8LM, EV 92.5 MPH)
|
|
Batting: LHB Shawn Morrison
|
0-0: Ball 1-0: Ball 2-0: Called Strike 2-1: Ball 3-1: Foul Ball, location: 2F 3-2: Base on Balls
|
|
Batting: RHB Jason Andrews
|
0-0: Called Strike 0-1: Ball 1-1: Called Strike 1-2: Grounds into double play, 6-4-3 (Groundball, 6, EV 76.2 MPH)
|
| Top of the 8th over - 0 runs, 0 hits, 0 errors, 0 left on base; Colorado 2 - San Francisco 2 |
| BOTTOM OF THE 8TH |
|
San Francisco Giants batting - Pitching for Colorado Rockies : RHP Sean Parks
|
|
Pitching: RHP Tony Campos
|
|
|
Batting: RHB Sean Zielinski
|
0-0: Called Strike 0-1: Ball 1-1: Ball 2-1: Foul Ball, location: 2F 2-2: Ball 3-2: Foul Ball, location: 2F 3-2: Ground out 4-3 (Groundball, 4MD, EV 85.6 MPH)
|
|
Pitching: LHP Mike Nimmo
|
|
|
Batting: LHB Jack Henningar
|
0-0: Ball 1-0: Ball 2-0: Swinging Strike 2-1: Called Strike 2-2: Strikes out swinging
|
|
Batting: LHB Carey Horncole
|
0-0: Called Strike 0-1: Ball 1-1: Foul Ball, location: 2F 1-2: SINGLE (Line Drive, 9S, EV 85.6 MPH)
|
|
Batting: SHB Bill Dooms
|
0-0: SINGLE (Groundball, 6MD, EV 101.2 MPH) Carey Horncole to second Runner from 2nd tries for 3rd, SAFE, throw by CF made to third
|
|
Batting: RHB Nate Hodson
|
0-0: Foul Ball, location: 2F 0-1: Ball 1-1: Ball 2-1: Ball 3-1: Fly out, F9 (Line Drive, 9, EV 85.6 MPH)
|
| Bottom of the 8th over - 0 runs, 2 hits, 0 errors, 2 left on base; Colorado 2 - San Francisco 2 |
| TOP OF THE 9TH |
|
Colorado Rockies batting - Pitching for San Francisco Giants : RHP Filip Nebylitsin
|
|
Pitching: RHP Andrew Kindig
|
|
|
Batting: SHB Eddie Quinones
|
0-0: Ball 1-0: Ball 2-0: Foul Ball, location: 2F 2-1: Ball 3-1: Foul Ball, location: 2F 3-2: Base on Balls
|
|
Batting: RHB Joel Haycock
|
0-0: Ball Eddie Quinones steals 2nd, throwing error, E2 Eddie Quinones to third 1-0: Intentional Walk
|
|
Batting: SHB Andy Vivas
|
0-0: SINGLE (Groundball, 6M, EV 96.2 MPH) Eddie Quinones scores Joel Haycock to second
|
|
Batting: SHB Billy Encinias
|
0-0: Ball 1-0: Swinging Strike 1-1: Swinging Strike 1-2: Strikes out swinging
|
|
Batting: RHB Sterling Acosta
|
0-0: Swinging Strike 0-1: Ball 1-1: DOUBLE (Line Drive, 5D, EV 100.0 MPH) Joel Haycock scores Andy Vivas to third
|
|
Batting: SHB Jon Munoz
|
0-0: Called Strike 0-1: Foul Ball, location: 2F 0-2: Ball 1-2: Foul Ball, location: 2F 1-2: Hit by Pitch
|
|
Pitching: LHP Chris Moris
|
|
|
Batting: RHB Henry Alvizo
|
0-0: Foul Ball, location: 2F 0-1: GRAND SLAM HOME RUN (Line Drive, 7D, EV 101.9 MPH), Distance : 397 ft
|
|
Batting: LHB Shawn Morrison
|
0-0: Called Strike 0-1: Ground out 4-3 (Groundball, 4, EV 98.8 MPH)
|
|
Batting: RHB Jason Andrews
|
0-0: Ball 1-0: Ball 2-0: Ball 3-0: Called Strike 3-1: Base on Balls
|
|
Batting: SHB Eddie Quinones
|
0-0: Called Strike Jason Andrews steals 2nd base 0-1: Fly out, F8 (Flyball, 8RD, EV 95.0 MPH)
|
| Top of the 9th over - 6 runs, 3 hits, 1 error, 1 left on base; Colorado 8 - San Francisco 2 |
| BOTTOM OF THE 9TH |
|
San Francisco Giants batting - Pitching for Colorado Rockies : LHP Mike Nimmo
|
|
Batting: LHB John Blair
|
0-0: Ground out 1-3 (Groundball, 13, EV 66.2 MPH)
|
|
Batting: RHB Bill Defazio
|
0-0: Ground out 6-3 (Groundball, 56, EV 100.0 MPH)
|
|
Batting: RHB Nick Rigden
|
0-0: Swinging Strike 0-1: Called Strike 0-2: Foul Ball, location: 2F 0-2: SOLO HOME RUN (Flyball, 7D, EV 96.2 MPH), Distance : 389 ft
|
|
Batting: SHB Ryan Doss
|
0-0: Ball 1-0: Called Strike 1-1: Ball 2-1: DOUBLE (Line Drive, 3D, EV 105.6 MPH)
|
|
Batting: RHB Sean Zielinski
|
0-0: Ball 1-0: Ball 2-0: Called Strike 2-1: Foul Ball, location: 2F 2-2: Ball 3-2: Base on Balls
|
|
Pitching: LHP Randy Rowland
|
|
|
Batting: LHB Jack Henningar
|
0-0: Called Strike 0-1: 3-RUN HOME RUN (Flyball, 9LD, EV 95.6 MPH), Distance : 337 ft
|
|
Pitching: RHP Tye Dickinson
|
|
|
Batting: LHB Carey Horncole
|
0-0: Swinging Strike 0-1: Ball 1-1: Swinging Strike 1-2: Strikes out swinging
|
| Bottom of the 9th over - 4 runs, 3 hits, 0 errors, 0 left on base; Colorado 8 - San Francisco 6 |
|